 Dungeon Crawl Stone Soup version 0.25-a0-464-g3004169c2b (webtiles) character file.

Game seed: 12141311074576484314, levelgen mode: deterministic

6470 Elellon the Thaumaturge (level 10, 0/56 HPs)
             Began as a Deep Elf Conjurer on Feb 4, 2020.
             Was a Believer of Vehumet.
             Killed by vampiric draining
             ... invoked by a vampire
              (9 damage)
             ... on level 9 of the Dungeon on Feb 5, 2020.
             The game lasted 00:20:55 (13061 turns).

Elellon the Thaumaturge (Deep Elf Conjurer)        Turns: 13061, Time: 00:20:55

Health: 0/56       AC:  7    Str:  7    XL:     10   Next: 68%
Magic:  8/26       EV: 18    Int: 22    God:    Vehumet [**....]
Gold:   495        SH:  5    Dex: 15    Spells: 17/29 levels left

rFire    . . .     SeeInvis .   A - +1 dagger (venom)
rCold    . . .     Gourm    .   m - +0 buckler
rNeg     . . .     Faith    .   a - +0 robe
rPois    .         Spirit   .   (no helmet)
rElec    .         Reflect  .   d - +1 cloak
rCorr    .         Harm     .   (no gloves)
MR       +....                  (no boots)
Stlth    ++........             (no amulet)
HPRegen  0.18/turn              j - +3 ring of protection
MPRegen  0.20/turn              C - +2 ring of evasion

@: no status effects
A: no striking features
a: Renounce Religion


You were on level 9 of the Dungeon.
You worshipped Vehumet.
Vehumet was pleased with you.
You were near starving.

You visited 2 branches of the dungeon, and saw 12 of its levels.
You also visited: Sewer.

You collected 495 gold pieces.

Inventory:

Hand Weapons
 A - a +1 dagger of venom (weapon)
Armour
 a - a +0 robe (worn)
 d - a +1 cloak (worn)
 m - a +0 buckler (worn)
Jewellery
 e - an uncursed ring of protection from cold
 j - a +3 ring of protection (left hand)
 w - a +3 ring of protection
 C - a +2 ring of evasion (right hand)
Wands
 f - a wand of flame (45)
Scrolls
 b - 6 scrolls of identify
 k - 7 scrolls of remove curse
 u - 3 scrolls of teleportation
 v - a scroll of amnesia {unknown}
 y - a scroll of immolation
 B - a scroll of fear
 E - a scroll of blinking
 F - a scroll of noise {unknown}
Potions
 g - 5 potions of flight {unknown}
 h - a potion of heal wounds {unknown}
 i - a potion of lignification {unknown}
 l - a potion of brilliance {unknown}
 n - a potion of resistance {unknown}
 o - a potion of degeneration {unknown}
 p - 2 potions of magic {unknown}
 q - 2 potions of haste {unknown}
 r - 6 potions of curing {unknown}
 s - 2 potions of agility {unknown}
 t - 2 potions of invisibility {unknown}
 x - a potion of mutation {unknown}
 z - a potion of berserk rage {unknown}
Comestibles
 c - 23 rations


   Skills:
 + Level 3.6 Fighting
 + Level 6.1 Dodging
 - Level 2.4 Stealth
 - Level 4.0 Shields
 + Level 10.2 Spellcasting
 - Level 9.2 Conjurations
 + Level 1.6 Translocations
 * Level 9.9 Fire Magic


You had 17 spell levels left.
You knew the following spells:

 Your Spells              Type           Power        Failure   Level  Hunger
a - Magic Dart            Conj           ####         1%          1    None
b - Searing Ray           Conj           ######       1%          2    None
c - Iskenderun's Mystic   Conj/Tloc      #####...     6%          4    ##.....
d - Fireball              Conj/Fire      ######....   3%          5    ####...

Your spell library contained the following spells:

 Spells                   Type           Power        Failure   Level  Hunger
 Freeze                   Ice            ##..         6%          1    None
 Foxfire                  Conj/Fire      ####         1%          1    None
 Conjure Flame            Conj/Fire      ######..     1%          3    None
 Sticky Flame             Conj/Fire      ######..     1%          4    ##.....
 Dazzling Flash           Conj/Hex       ####..       2%          3    None
 Inner Flame              Hex/Fire       ####....     2%          3    None
 Stone Arrow              Conj/Erth      ####..       2%          3    None
 Sandblast                Erth           ##....       6%          1    None
 Passwall                 Tmut/Erth      ##......     9%          2    None
 Gell's Gravitas          Tloc           ###.......   9%          3    None
 Fulminant Prism          Conj/Hex       ####......   9%          4    ##.....
 Confusing Touch          Hex            ##......     19%         3    None
 Petrify                  Tmut/Erth      ##......     52%         4    ##.....
 Lee's Rapid Deconstruct  Erth           ##........   86%         5    ####...
 Metabolic Englaciation   Hex/Ice        ##........   86%         5    ####...
 Yara's Violent Unravell  Hex/Tmut       ##........   86%         5    ####...


Dungeon Overview and Level Annotations

Branches:
Dungeon (11/15)            Temple (1/1) D:5            Lair (0/6) D:8
  Sewer (visited)
    Orc: D:9-12

Altars:
Ashenzari
Cheibriados
Dithmenos
Elyvilon
Fedhas
Gozag
Hepliaklqana
Kikubaaqudgha
Makhleb
Nemelex Xobeh
Okawaru
Qazlal
Ru
Sif Muna
Trog
Uskayaw
Vehumet
Wu Jian
Xom
Yredelemnul
Zin
The Shining One

Annotations:
D:10 Sonja


Message History

The searing ray hits the two-headed ogre!
You kill the two-headed ogre!
Vehumet accepts your kill.
Your Dodging skill increases to level 6!
Your Translocations skill increases to level 1!
Casting: Searing Ray (safe; 1% risk of failure)
Confirm with . or Enter, or press ? or * to list all spells.
Aiming: Searing Ray (safe; 1% risk of failure)
Press: ? - help, Shift-Dir - straight line, f - vampire
Aim: a vampire (moderately damaged)
The searing ray hits the vampire!
The vampire is severely damaged. (Press . to maintain the ray.)
The vampire is infused with unholy energy.
* * * LOW HITPOINT WARNING * * *
The vampire draws life force from you and is healed!
The searing ray hits the vampire!
The vampire is severely damaged.
The vampire is infused with unholy energy.
You die...

# ####### #.
.#.#. # %.
... .#
#.#.#.#)#.###
....††V@.[..#
#.#.#.#†#.#.#
.. ... ..
...# #. .#.#.
.# .... $.
...)... #
...#. #. .#
#.# #. .....
. .. ... .#
...# .# #.# #
..#


You could see a vampire.

Vanquished Creatures
  2 two-headed ogres
  A troll (D:10)
  A hornet (D:8)
  Sigmund (D:5)
  A wyvern (D:8)
  A hungry ghost (D:8)
  A soldier ant (D:8)
  A porcupine (D:8)
  3 orc warriors (D:8)
  3 sky beasts
  4 black bears
  An ice beast (D:6)
  2 phantoms
  5 centaurs
  3 ogres
  A crocodile (D:8)
  A wyvern zombie (D:7)
  7 bullfrogs
  2 water moccasin zombies
  4 scorpions
  6 killer bees
  A howler monkey (D:4)
  4 crimson imps
  A bullfrog zombie (D:10)
  4 orc priests
  2 hounds
  A jelly (D:10)
  Crazy Yiuf (D:4)
  Ijyb (D:5)
  A centaur skeleton (D:5)
  4 orc wizards (D:8)
  9 worker ants
  A killer bee zombie (D:9)
  A hound zombie (D:6)
  4 hound skeletons
  7 adders
  A shadow imp (D:10)
  4 oozes
  An adder zombie (D:9)
  7 worms
  2 dart slugs (D:2)
  9 leopard geckos
  28 orcs
  5 ball pythons
  10 giant cockroaches
  3 goblins
  7 hobgoblins
  10 jackals
  9 kobolds
  4 quokkas
  7 bats
  10 frilled lizards
  A jackal skeleton (D:7)
  11 rats
  A spectral orc (D:4)
  A fungus (D:8)
224 creatures vanquished.

Vanquished Creatures (others)
  3 fungi (D:8)
3 creatures vanquished.

Grand Total: 227 creatures vanquished

Notes
Turn   | Place    | Note
-------+----------+-------------------------------------------
     0 | D:1      | Elellon the Deep Elf Conjurer began the quest for the Orb.
     0 | D:1      | Reached XP level 1. HP: 10/10 MP: 6/6
   261 | D:1      | Reached XP level 2. HP: 15/15 MP: 4/8
  1177 | D:2      | Reached skill level 4 in Spellcasting
  1276 | D:2      | Reached skill level 5 in Conjurations
  1276 | D:2      | Reached XP level 3. HP: 19/19 MP: 5/10
  2216 | D:2      | Reached skill level 1 in Shields
  2428 | D:2      | Reached XP level 4. HP: 24/24 MP: 10/12
  2560 | D:3      | Found a bloodstained altar of Trog.
  2788 | D:3      | Found a glowing golden altar of the Shining One.
  2819 | D:3      | Noticed a bullfrog
  2824 | D:3      | Killed a bullfrog
  2824 | D:3      | Reached skill level 5 in Spellcasting
  2906 | D:3      | Found a faded altar of an unknown god.
  2960 | D:3      | Reached XP level 5. HP: 15/28 MP: 7/14
  3138 | D:3      | Learned a level 2 spell: Searing Ray
  3143 | D:3      | Learned a level 4 spell: Iskenderun's Mystic Blast
  3634 | D:3      | Found a snail-covered altar of Cheibriados.
  4330 | D:4      | Found a glowing drain.
  4393 | Sewer    | Entered a sewer
  4800 | Sewer    | Reached XP level 6. HP: 22/32 MP: 9/16
  4804 | Sewer    | Reached skill level 6 in Spellcasting
  5042 | Sewer    | Learned a level 5 spell: Fireball
  5717 | D:4      | Reached skill level 1 in Fire Magic
  5758 | D:4      | Reached XP level 7. HP: 36/36 MP: 13/18
  5999 | D:4      | Found a runed translucent door.
  6000 | D:4      | Noticed Crazy Yiuf
  6006 | D:4      | Killed Crazy Yiuf
  6238 | D:4      | Found a basalt altar of Yredelemnul.
  6397 | D:5      | Entered Level 5 of the Dungeon
  6409 | D:5      | Noticed Sigmund
  6414 | D:5      | Killed Sigmund
  6513 | D:5      | Found a staircase to the Ecumenical Temple.
  6513 | D:5      | Noticed Ijyb
  6521 | D:5      | Killed Ijyb
  6521 | D:5      | Reached skill level 7 in Spellcasting
  6639 | Temple   | Entered the Ecumenical Temple
  6673 | Temple   | Became a worshipper of Vehumet
  7000 | D:5      | Reached XP level 8. HP: 38/41 MP: 16/20
  7731 | D:6      | Reached skill level 5 in Fire Magic
  8594 | D:7      | Reached skill level 8 in Spellcasting
  8891 | D:7      | Reached * piety under Vehumet
  8891 | D:7      | Offered knowledge of Shock by Vehumet.
  8895 | D:7      | Reached XP level 9. HP: 41/45 MP: 18/23
  9673 | D:8      | Noticed a two-headed ogre
  9703 | D:8      | Reached skill level 1 in Fighting
  9719 | D:7      | Killed a two-headed ogre
  9719 | D:7      | Reached skill level 9 in Spellcasting
 10475 | D:8      | Found a shadowy altar of Dithmenos.
 10480 | D:8      | Found a sacrificial altar of Ru.
 10491 | D:8      | Found a white marble altar of Elyvilon.
 10498 | D:8      | Found a burning altar of Makhleb.
 10503 | D:8      | Found an opulent altar of Gozag.
 10510 | D:8      | Found a shimmering altar of Xom.
 10515 | D:8      | Found a shattered altar of Ashenzari.
 11218 | D:8      | Reached XP level 10. HP: 54/54 MP: 20/25
 11388 | D:8      | Reached skill level 5 in Dodging
 11701 | D:8      | Reached ** piety under Vehumet
 11712 | D:8      | Offered knowledge of Freeze by Vehumet.
 12101 | D:8      | Found a staircase to the Lair.
 12594 | D:9      | You fall into a shaft and drop 2 floors!
 12637 | D:10     | Entered Level 10 of the Dungeon
 12719 | D:10     | Noticed Sonja
 12749 | D:10     | Reached skill level 10 in Spellcasting
 12921 | D:9      | Noticed a two-headed ogre
 13059 | D:9      | Killed a two-headed ogre
 13059 | D:9      | Reached skill level 1 in Translocations
 13061 | D:9      | Killed from afar by a vampire

Levels and vault maps discovered:
D:1:      dpeg_arrival_concentric_ovals, layout_basic, minmay_heptomino_o4
D:2:      layout_loops_corners, first_ration
D:3:      layout_loops_corners, bloody_trog, marbit_many_paths,
          chequers_ecumenical_altar_grove, tso_altar
D:4:      layout_basic, yredelemnul_forgotten_temple_becter,
          cheibrodos_sewer_entry_bend, uniq_crazy_yiuf_cottage
D:5:      layout_basic, minmay_temple_entry_offerings, uniq_sigmund, uniq_ijyb
D:6:      layout_basic
D:7:      layout_rooms
D:8:      layout_cave_pods, grunt_temple_overflow_octagram,
          grunt_lair_entry_orc_guard_hut, special_room [special_room_orc],
          hangedman_pestilent_swarm, kennysheep_generic_room_2
D:9:      layout_gridville, erik_orc_1, st_stairs_11
D:10:     layout_roguey, uniq_sonja
D:11:     layout_long_grid, portal_ice_cave_entry_imps, doesnt_xom_only_xom,
          uniq_psyche, uniq_grum, uniq_erolcha
Temple:   nicolae_temple_hex_pool

Skill      XL: |  1  2  3  4  5  6  7  8  9 10 |
---------------+-------------------------------+-----
Spellcasting   | 4 5 6 7 8 9 10 | 10.2
Conjurations   | 5 6 7 8 9 |  9.2
Shields        | 1 2 3 4 |  4.0
Fire Magic     | 1 4 6 8 9 |  9.9
Dodging        | 4 6 |  6.1
Fighting       | 2 3 |  3.6
Translocations | 1 |  1.6
Stealth        | |  2.4

Action                   |  1- 3 |  4- 6 |  7- 9 | 10-12 || total
-------------------------+-------+-------+-------+-------++-------
Melee: Dagger            |       |       |       |     1 ||     1
 Cast: Magic Dart        |    88 |   136 |    90 |    60 ||   374
       Searing Ray       |       |     7 |    59 |    31 ||    97
       Iskenderun's Myst |       |       |     6 |    15 ||    21
  Use: Scroll            |       |     1 |    13 |       ||    14
  Eat: Chunk             |     4 |    11 |    10 |     4 ||    29
       Ration            |       |       |     2 |       ||     2
Armor: Robe              |       |       |    12 |     6 ||    18
Dodge: Dodged            |     7 |     5 |    68 |    22 ||   102
Block: Buckler           |     1 |     4 |    22 |    11 ||    38

Table legend:
 A = Non-vault XP
 B = Vault XP
 C = Vault XP percentage of total XP
 D = Non-vault monster count
 E = Vault monster count
 F = Vault count percentage of total count
                 A         B        C        D         E       F
            +---------+---------+-------+---------+---------+-------
      Total |    5996 |    3248 |  35.1 |     157 |      66 |  29.6
            +---------+---------+-------+---------+---------+-------
        D:1 |      28 |       5 |  15.2 |      19 |       3 |  13.6
        D:2 |      65 |       0 |   0.0 |      18 |       0 |   0.0
        D:3 |     132 |       7 |   5.0 |      27 |       1 |   3.6
        D:4 |     422 |      51 |  10.8 |      16 |       4 |  20.0
        D:5 |     240 |     262 |  52.2 |       8 |       2 |  20.0
        D:6 |     811 |       0 |   0.0 |      13 |       0 |   0.0
        D:7 |    1966 |       0 |   0.0 |      23 |       0 |   0.0
        D:8 |    1474 |    1657 |  52.9 |      20 |      33 |  62.3
        D:9 |     384 |    1033 |  72.9 |       7 |       3 |  30.0
       D:10 |     471 |       0 |   0.0 |       5 |       0 |   0.0
       D:11 |       3 |       0 |   0.0 |       1 |       0 |   0.0
      Sewer |       0 |     233 | 100.0 |       0 |      20 | 100.0
            +---------+---------+-------+---------+---------+-------
